Map: Ghost River LE

Players

Vindicta

  • Race: Terran Terran
  • League: Grandmaster
  • Spawn Location: 1:00

A.I. 1 (Very Easy) - Winner!

  • Race: Zerg Zerg
  • Spawn Location: 11:00

VOD

Have the link to the VOD?

Description

Time

  • Played on: June 19, 2024, 6:27 p.m.
  • Length: 10:11
Show
View Real Time Build Order
Export as new Build Order

Vindicta Terran 

Build Orders:  

Get SALT Encoding   

  12  0:00  SCV  
  13  0:12  SCV  
  14  0:20  Supply Depot  
  14  0:25  SCV  
  15  0:42  SCV  
  16  0:43  Barracks  
  16  0:46  Refinery  
  16  0:54  SCV  
  17  1:00  Barracks  
  17  1:06  SCV  
  18  1:18  SCV  
  19  1:30  Reaper  
  19  1:31  Orbital Command  
  20  1:34  Supply Depot  
  20  1:47  Reaper  
  21  1:56  SCV  
  22  2:05  Reaper  
  23  2:08  SCV  
  23  2:11  Command Center  
  24  2:21  SCV  
  25  2:23  Supply Depot  
  25  2:28  Marine  
  26  2:33  SCV  
  27  2:43  Barracks Reactor  
  27  2:45  SCV, Refinery  
  27  2:47  Marine  
  29  2:57  SCV  
  30  3:00  Factory  
  30  3:09  SCV  
  31  3:13  Marine  
  31  3:18  Command Center  
  32  3:23  Orbital Command  
  32  3:25  SCV  
  33  3:38  Barracks Tech Lab  
  33  3:39  SCV  
  34  3:49  Starport  
  34  3:51  SCV  
  34  3:52  Hellion x2  
  39  3:56  SCV  
  39  4:01  Barracks Tech Lab, Stimpack  
  40  4:03  SCV  
  40  4:08  SCV  
  42  4:13  Hellion x2  
  46  4:17  SCV  
  46  4:18  Supply Depot  
  46  4:21  SCV  
  48  4:30  SCV  
  48  4:31  Orbital Command  
  49  4:32  Marine  
  49  4:33  SCV  
  51  4:39  Banshee  
  51  4:41  Supply Depot  
  51  4:42  SCV  
  55  4:46  SCV  
  55  4:50  Marine x3  
  55  4:52  Factory Reactor  
  59  4:54  SCV  
  59  4:57  SCV  
  59  4:59  Engineering Bay, SCV  
  62  5:00  Engineering Bay  
  62  5:07  SCV  
  63  5:09  SCV, Marine  
  63  5:10  Refinery, Marine x2  
  63  5:11  Refinery  
  67  5:15  SCV  
  67  5:19  SCV  
  70  5:21  SCV  
  70  5:26  Barracks  
  70  5:27  SCV, Marine  
  72  5:30  Orbital Command  
  72  5:31  SCV, Terran Infantry Weapons Level 1  
  72  5:32  Terran Infantry Armor Level 1  
  73  5:36  Marine x2  
  73  5:39  SCV  
  73  5:40  Combat Shield  
  73  5:41  Medivac  
  78  5:43  SCV, Medivac  
  78  5:44  Supply Depot  
  78  5:45  Marine  
  78  5:47  Supply Depot  
  82  5:51  SCV  
  82  5:54  Marine x2  
  85  6:04  Barracks  
  85  6:05  Barracks, Marine  
  85  6:06  SCV x3  
  85  6:11  Supply Depot  
  89  6:12  Supply Depot, Marine  
  89  6:17  Medivac x2  
  89  6:18  Barracks Reactor, SCV x3  
  97  6:20  Siege Tank  
  97  6:24  Marine  
  101  6:32  Marine x2  
  103  6:33  SCV x2  
  103  6:35  SCV  
  103  6:37  Armory  
  106  6:41  Supply Depot  
  106  6:42  Marine  
  106  6:45  SCV  
  109  6:47  SCV x2  
  109  6:50  Marine x2  
  109  6:52  Siege Tank  
  109  6:53  Barracks Reactor  
  115  6:54  Barracks Reactor  
  115  6:55  Supply Depot  
  115  6:57  SCV  
  115  6:58  Marine  
  115  6:59  Refinery, Marine  
  117  7:03  SCV x2, Medivac x2, Marine  
  124  7:11  Concussive Shells  
  124  7:16  Marauder  
  124  7:18  Command Center, SCV  
  124  7:19  SCV  
  124  7:20  Refinery  
  124  7:22  Supply Depot  
  128  7:24  Supply Depot x2  
  128  7:27  Terran Infantry Weapons Level 2  
  128  7:28  Marine x3  
  128  7:29  Marine  
  132  7:33  Terran Infantry Armor Level 2  
  132  7:35  SCV  
  133  7:44  SCV, Marauder, Marine x3  
  139  7:45  SCV, Supply Depot  
  139  7:46  Marine x2  
  139  7:47  SCV, Marine x3  
  139  7:48  Supply Depot  
  139  7:49  Siege Tank  
  149  7:55  Factory  
  149  7:56  Drilling Claws  
  149  7:57  SCV  
  151  7:59  SCV  
  151  8:00  Supply Depot  
  151  8:01  Marine x3  
  154  8:06  Medivac  
  154  8:12  Marine  
  156  8:13  SCV, Marine  
  156  8:14  Barracks x2, SCV x2  
  156  8:15  Barracks, Marine  
  156  8:17  Terran Vehicle Weapons Level 1  
  162  8:21  Marine  
  162  8:22  Marauder, Marine  
  162  8:26  SCV x2  
  168  8:34  Siege Tank  
  171  8:35  SCV  
  171  8:38  SCV x2, Ghost Academy  
  174  8:45  Barracks Tech Lab, Marauder, Marine x3  
  174  8:47  SCV  
  180  8:49  Widow Mine  
  180  8:50  SCV, Widow Mine  
  185  8:56  Sensor Tower  
  185  8:59  Planetary Fortress  
  185  9:01  Barracks Tech Lab  
  186  9:03  Barracks Tech Lab x2  
  186  9:05  SCV x2  
  186  9:07  Marauder, Marine x2  
  186  9:08  Marine  
  192  9:21  Marauder  
  192  9:23  Command Center  
  196  9:34  Refinery  
  196  9:35  Starport, Refinery  
  196  9:37  Fusion Core  
  196  9:47  Marauder  
  196  9:56  Supply Depot  
Show
View Real Time Build Order
Export as new Build Order

A.I. 1 (Very Easy) Zerg - Winner!

Build Orders: Hatch First 

Get SALT Encoding   

  12  0:01  Drone  
  13  0:12  Overlord  
  13  0:16  Drone  
  14  0:40  Hatchery  
  13  0:45  Drone  
  14  1:03  Spawning Pool  
  13  1:04  Extractor  
  13  1:07  Drone  
  13  1:14  Drone  
  14  1:20  Overlord  
  14  1:50  Zergling x2  
  14  1:52  Queen  
  14  1:53  Zergling x2  
  18  2:01  Roach Warren  
  17  2:04  Drone  
  18  2:09  Extractor  
  18  2:11  Drone  
  18  2:16  Zergling x2  
  18  2:20  Drone  
  20  2:27  Drone  
  20  2:34  Drone  
  20  2:36  Zergling x2  
  21  2:40  Zergling x2  
  21  2:52  Drone  
  22  2:59  Drone  
  23  3:06  Drone  
  24  3:13  Drone  
  25  3:20  Drone  
  25  3:25  Overlord  
  25  3:27  Roach  
  25  3:28  Drone  
  27  3:35  Drone  
  28  3:43  Drone  
  29  3:50  Drone  
  30  3:57  Drone  
  31  4:04  Drone  
  31  4:06  Overlord  
  32  4:12  Lair, Drone  
  32  4:14  Roach  
  35  4:22  Drone  
  34  4:29  Drone  
  35  4:37  Drone  
  36  4:44  Drone  
  37  4:51  Drone  
  38  4:52  Overlord  
  38  4:58  Drone  
  39  5:01  Roach  
  39  5:05  Drone  
  41  5:12  Drone, Overseer  
  41  5:13  Overseer  
  41  5:14  Extractor  
  41  5:20  Drone  
  41  5:21  Extractor  
  40  5:27  Drone  
  41  5:34  Drone  
  42  5:41  Drone  
  43  5:48  Drone  
  43  5:49  Roach  
  46  5:55  Drone  
  47  6:03  Drone  
  48  6:36  Roach  
  50  6:53  Queen  
  44  7:02  Drone  
  44  7:05  Roach  
  43  7:08  Overseer, Overlord  
  43  7:09  Drone  
  44  7:17  Drone  
  45  7:24  Drone  
  46  7:52  Roach  
  48  8:39  Zergling x2  
  49  9:05  Overseer  
  49  9:06  Overlord  
  49  9:26  Roach  
Tags
 
Matchup
TvZ
Player
Vindicta
Spawn Locations
Close Positions
Add a new tag
Caveats
  • Supply blocks, unpowered buildings, or Contaminate may cause inaccurate times.
  • Supply counts are checked every 10 seconds.